AoeStats
← alexmavrovic

Arena

510187283Analyzed
2v2 RM · 4d ago on Sep 29, 2026· 44m 36s· 4 players
Game mode
Random Map
Map size
Medium (4 player)
Population
200
Speed
Normal
Resources
Standard
Victory
Conquest
Starting age
Dark Age
Ending age
Imperial Age
RankedLock teamsTeams togetherTeam positionsShared explorationLock speedFull tech treeHidden civsTurbo modeCheats
Victory
Defeat
🇩🇪 Sicilians · Germany
1102
+15
🇩🇪 Spanish · Germany
1101
+15
🇨🇦 Celts · Canada
1126
-17
🇪🇸 Japanese · Spain
1041
-13
FlyeralsderMars
11:37 Feudal Age
15:33 Castle Age
13:44 Double-Bit Axe
14:04 Horse Collar
17:01 Loom
26:48 Wheelbarrow
27:46 First Crusade
28:10 Arson
28:26 Squires
29:33 Scale Mail Armor
29:44 Forging
31:14 Chain Mail Armor
33:24 Iron Casting
34:50 Pikeman
36:13 Padded Archer Armor
36:04 Fletching
37:38 Stone Mining
37:39 Gold Mining
38:50 Hand Cart
41:18 Imperial Age
38:35 Town Watch
40:02 Elite Skirmisher
41:28 Elite Serjeant
42:44 Plate Mail Armor
41:41 Capped Ram
44:12 Blast Furnace
43:45 Siege Ram
vG Crystal
11:09 Feudal Age
15:00 Castle Age
13:00 Horse Collar
13:26 Loom
14:08 Double-Bit Axe
16:05 Wheelbarrow
16:11 Heavy Plow
26:22 Bow Saw
27:23 Bloodlines
27:50 Gold Mining
28:28 Husbandry
29:58 Padded Archer Armor
30:34 Light Cavalry
31:27 Forging
33:09 Hand Cart
34:27 Leather Archer Armor
34:48 Iron Casting
34:18 Scale Barding Armor
35:31 Scale Barding Armor
39:30 Imperial Age
38:04 Chain Barding Armor
38:29 Town Watch
41:11 Blast Furnace
39:54 Hussar
41:29 Plate Barding Armor
42:39 Fletching
43:20 Ring Archer Armor
42:48 Murder Holes
43:04 Masonry
43:26 Elite Conquistador
Rey_Pablium
11:22 Feudal Age
12:38 Loom
15:26 Castle Age
14:51 Double-Bit Axe
15:02 Stone Mining
14:57 Horse Collar
17:10 Bow Saw
21:41 Fletching
32:55 Imperial Age
31:36 Bloodlines
31:27 Husbandry
32:04 Scale Barding Armor
32:38 Heavy Plow
32:58 Cavalier
34:07 Forging
35:33 Iron Casting
37:12 Chain Barding Armor
38:44 Blast Furnace
42:58 Two-Man Saw
42:08 Bodkin Arrow
43:48 Squires
43:09 Pikeman
43:51 Scale Mail Armor
44:26 Gambesons
alexmavrovic
9:40 Feudal Age
11:01 Loom
14:18 Castle Age
20:52 Fletching
24:02 Double-Bit Axe
23:59 Horse Collar
25:00 Gold Mining
26:29 Wheelbarrow
31:32 Imperial Age
29:20 Bodkin Arrow
30:02 Bow Saw
30:38 Heavy Plow
30:47 Scale Mail Armor
34:29 Murder Holes
35:17 Forging
35:48 Gold Shaft Mining
35:35 Hand Cart
36:32 Chain Mail Armor
36:57 Stone Mining
38:58 Plate Mail Armor
39:56 Stronghold
41:15 Furor Celtica
40:34 Elite Woad Raider
43:51 Iron Casting
44:21 Stone Shaft Mining
Connection lost

Rejoining the realm…

Still unreachable

The connection could not be restored.

Session expired

The server has moved on; the page needs a fresh start.